Map: The Shattered Temple

Players

meowmeowcute - Winner!

  • Race: Protoss Protoss
  • Spawn Location: 6:00

A.I. 1 (Hard)

  • Race: Zerg Zerg
  • Spawn Location: 12:00

VOD

Have the link to the VOD?

Description

Time

  • Played on: June 25, 2018, 4:32 p.m.
  • Length: 26:48
Show
View Real Time Build Order
Export as new Build Order

meowmeowcute Protoss - Winner!

Build Orders: Double Forge, Dark Templar Rush 

Get SALT Encoding   

  12  0:15  Probe  
  13  0:22  Pylon  
  13  0:23  Probe  
  14  0:33  Probe  
  15  0:45  Probe  
  15  0:47  Gateway  
  16  0:57  Pylon  
  16  0:59  Probe  
  17  1:04  Assimilator  
  17  1:07  Probe  
  17  1:09  Assimilator  
  17  1:15  Probe  
  19  1:26  Probe  
  20  1:35  Pylon  
  20  1:42  Cybernetics Core  
  20  1:48  Probe  
  21  2:00  Probe  
  22  2:05  Warp Gate  
  24  2:08  Zealot  
  24  2:12  Probe  
  25  2:24  Probe  
  25  2:29  Nexus  
  26  2:36  Probe  
  27  2:45  Twilight Council  
  27  2:48  Probe  
  28  3:00  Probe  
  28  3:01  Pylon  
  29  3:08  Stalker  
  31  3:26  Forge  
  31  3:37  Dark Shrine  
  31  3:43  Gateway  
  31  3:47  Probe, Gateway  
  32  3:55  Probe  
  33  4:05  Probe  
  33  4:08  Gateway  
  34  4:10  Probe  
  35  4:17  Probe  
  35  4:18  Probe  
  37  4:25  Assimilator  
  37  4:27  Assimilator  
  37  4:28  Probe  
  38  4:33  Protoss Shields Level 1, Forge  
  38  4:40  Probe  
  39  4:57  Stalker  
  39  4:59  Dark Templar  
  43  5:00  Dark Templar  
  43  5:04  Probe  
  46  5:16  Probe  
  47  5:21  Probe  
  47  5:28  Probe  
  49  5:30  Probe  
  50  5:39  Probe  
  50  5:40  Probe  
  50  5:42  Pylon x2  
  52  5:45  Pylon  
  52  5:51  Probe, Protoss Ground Armor Level 1  
  52  5:52  Probe  
  54  6:00  Dark Templar  
  54  6:01  Dark Templar  
  54  6:02  Dark Templar  
  54  6:03  Probe  
  61  6:04  Probe  
  62  6:19  Probe  
  62  6:23  Pylon  
  63  6:27  Probe, Pylon  
  62  6:37  Probe  
  59  6:43  Dark Templar  
  59  6:44  Dark Templar  
  59  6:45  Dark Templar  
  59  6:46  Dark Templar  
  67  6:55  Protoss Ground Weapons Level 1  
  67  6:57  Probe  
  68  7:05  Probe  
  68  7:15  Probe  
  69  7:21  Robotics Facility  
  70  7:24  Stargate  
  70  7:27  Probe  
  71  7:31  Protoss Shields Level 2  
  71  7:36  Probe  
  72  7:48  Probe  
  73  7:58  Probe  
  73  7:59  Pylon  
  73  8:01  Pylon  
  74  8:06  Probe  
  74  8:08  Pylon x2  
  75  8:14  Probe  
  76  8:21  Dark Templar  
  76  8:22  Dark Templar x2  
  76  8:23  Dark Templar  
  76  8:26  Probe  
  85  8:38  Probe  
  86  9:00  Fleet Beacon  
  86  9:15  Protoss Ground Armor Level 2  
  86  9:22  Dark Templar  
  86  9:23  Dark Templar  
  86  9:24  Dark Templar x2  
  92  9:30  Protoss Ground Weapons Level 2  
  94  9:48  Protoss Air Armor Level 1  
  94  10:11  Graviton Catapult, Nexus  
  94  10:45  Assimilator  
  94  10:50  Assimilator, Dark Templar  
  94  10:51  Dark Templar  
  94  10:54  Carrier  
  104  11:05  Stargate  
  104  11:06  Observer  
  105  11:21  Probe  
  106  11:29  Probe  
  106  11:35  Forge  
  106  11:37  Probe  
  106  11:39  Probe  
  109  11:49  Probe  
  109  11:51  Probe  
  111  12:00  Protoss Shields Level 3  
  111  12:01  Probe  
  111  12:03  Probe  
  119  12:13  Probe  
  120  12:18  Carrier  
  120  12:25  Probe  
  121  12:41  Protoss Ground Weapons Level 3  
  121  12:50  Dark Templar x2  
  125  12:51  Dark Templar  
  125  12:52  Dark Templar  
  129  13:16  Protoss Air Armor Level 2  
  129  13:33  Carrier  
  129  13:38  Carrier  
  97  14:13  Stalker  
  97  14:14  Stalker  
  97  14:15  Stalker  
  97  14:16  Stalker  
  103  14:20  Mothership  
  111  14:38  Dark Templar  
  111  14:39  Dark Templar  
  111  14:40  Dark Templar  
  117  15:05  Stalker  
  119  15:08  Robotics Facility  
  119  15:13  Protoss Ground Armor Level 3  
  119  15:18  Phoenix  
  119  15:21  Phoenix  
  123  15:30  Probe  
  123  15:32  Protoss Air Weapons Level 1  
  124  15:38  Probe, Nexus  
  125  15:43  Phoenix  
  125  15:44  Immortal  
  125  15:46  Phoenix  
  125  15:48  Probe  
  134  16:00  Probe  
  135  16:11  Stalker x2  
  137  16:12  Probe, Stalker  
  137  16:13  Stalker  
  144  16:20  Immortal  
  148  16:35  Robotics Bay  
  148  16:44  Assimilator  
  148  16:46  Assimilator  
  148  16:50  Stalker  
  148  16:51  Stalker  
  148  16:52  Stalker  
  148  16:53  Stalker  
  156  17:00  Immortal  
  160  17:02  Immortal  
  164  17:47  Pylon  
  164  17:48  Pylon  
  164  17:51  Pylon  
  164  18:11  Stalker  
  164  18:12  Stalker  
  168  18:13  Stalker  
  168  18:14  Stalker  
  168  18:17  Phoenix  
  174  18:20  Phoenix  
  174  18:22  Disruptor x2  
  182  18:31  Protoss Air Armor Level 3  
  182  18:33  Pylon  
  182  18:36  Pylon  
  182  18:38  Pylon  
  182  18:44  Pylon  
  182  18:47  Pylon  
  182  18:49  Blink  
  182  18:58  Disruptor x2  
  183  19:20  Stalker  
  183  19:21  Stalker  
  183  19:22  Stalker  
  183  19:23  Stalker  
  191  19:48  Dark Templar  
  191  19:50  Dark Templar x2  
  191  19:51  Dark Templar  
  199  20:14  Assimilator  
  199  20:18  Assimilator  
  199  20:21  Nexus  
  127  21:26  Stalker  
  127  21:27  Stalker  
  127  21:28  Stalker  
  127  21:29  Stalker  
  111  23:25  Stalker  
  111  23:26  Stalker x2  
  111  23:27  Stalker  
  111  23:58  Stalker x2  
  111  23:59  Stalker  
  111  24:00  Stalker  
  111  24:02  Immortal  
  119  24:04  Immortal  
  119  24:11  Tempest  
  119  24:13  Tempest  
  137  24:33  Probe  
  132  24:39  Immortal  
  132  24:43  Immortal  
  132  24:45  Probe  
  141  24:53  Tempest  
  141  24:56  Tempest  
  141  24:57  Probe  
  154  25:08  Probe  
  154  25:09  Probe  
  156  25:16  Probe  
  156  25:18  Disruptor  
  161  25:21  Probe  
  161  25:22  Disruptor  
  161  25:26  Probe  
  164  25:29  Nexus  
  165  25:38  Probe  
  165  25:40  Stalker  
  165  25:41  Stalker  
  165  25:42  Stalker  
  172  25:43  Stalker  
  172  25:50  Probe  
  172  25:53  Disruptor  
  176  25:57  Disruptor  
  189  26:34  Stalker  
  189  26:35  Stalker x2  
  189  26:36  Stalker  
Show
View Real Time Build Order
Export as new Build Order

A.I. 1 (Hard) Zerg 

Build Orders: Pool First 

Get SALT Encoding   

  12  0:00  Drone  
  13  0:12  Overlord  
  13  0:17  Drone  
  14  0:30  Drone  
  14  0:31  Drone  
  16  0:43  Spawning Pool  
  16  0:45  Drone  
  17  0:50  Drone  
  17  0:52  Extractor  
  17  0:55  Drone  
  17  1:05  Overlord  
  17  1:31  Zergling x2, Queen  
  20  1:38  Drone, Roach Warren  
  20  1:40  Extractor  
  20  1:43  Zergling x2  
  20  1:48  Drone  
  21  1:59  Drone  
  22  2:10  Overlord  
  22  2:21  Drone  
  23  2:31  Roach  
  25  2:37  Drone  
  25  2:41  Overlord  
  26  2:44  Roach  
  28  2:55  Drone  
  28  2:57  Roach  
  31  3:04  Drone  
  32  3:09  Drone  
  32  3:10  Roach  
  32  3:11  Overlord  
  35  3:16  Drone  
  36  3:23  Ravager x3  
  39  3:27  Roach  
  41  3:38  Drone  
  41  3:41  Overlord, Roach  
  44  3:43  Drone  
  45  3:52  Baneling Nest  
  45  3:53  Drone  
  45  3:59  Evolution Chamber  
  45  4:01  Roach  
  46  4:11  Drone  
  46  4:14  Roach  
  49  6:01  Overlord, Lair, Zergling x2  
  49  6:02  Zerg Melee Weapons Level 1  
  49  6:03  Evolution Chamber  
  49  6:04  Spore Crawler  
  49  6:05  Drone  
  49  6:06  Spore Crawler  
  49  6:07  Drone  
  49  6:08  Baneling  
  49  6:12  Hatchery  
  49  6:13  Drone  
  49  6:14  Zergling x2  
  50  6:20  Zergling x2  
  51  6:27  Zergling x2  
  51  6:28  Zerg Ground Armor Level 1  
  47  6:33  Baneling, Zergling x2  
  40  6:40  Zergling x2  
  40  6:46  Zergling x2  
  34  6:55  Spine Crawler  
  34  6:59  Burrow, Overseer  
  34  7:00  Metabolic Boost  
  33  7:01  Spine Crawler  
  33  7:02  Drone  
  33  7:05  Spire  
  33  7:06  Drone  
  33  7:23  Queen  
  33  7:24  Drone  
  33  7:25  Drone  
  33  7:27  Drone  
  33  7:28  Drone  
  33  7:29  Drone  
  40  7:31  Drone  
  40  7:32  Extractor, Drone  
  40  7:34  Drone  
  40  7:36  Drone  
  43  7:40  Drone  
  43  7:43  Drone  
  45  7:46  Drone  
  46  7:52  Drone  
  46  7:55  Drone  
  46  7:56  Zerg Missile Weapons Level 1  
  46  7:57  Drone  
  46  7:58  Drone  
  50  7:59  Drone  
  50  8:04  Drone  
  51  8:06  Drone  
  52  8:15  Zergling x2  
  52  8:17  Drone  
  52  8:19  Overseer  
  54  8:25  Spore Crawler  
  54  8:26  Mutalisk  
  54  8:27  Drone  
  56  8:30  Spore Crawler, Drone  
  56  8:32  Mutalisk  
  58  8:35  Queen  
  58  8:39  Mutalisk, Overlord  
  62  8:45  Mutalisk, Hydralisk Den  
  62  8:46  Drone  
  64  8:51  Infestation Pit  
  64  8:52  Mutalisk, Drone  
  66  8:55  Spine Crawler  
  66  8:58  Mutalisk  
  66  8:59  Drone  
  68  9:03  Spine Crawler  
  67  9:26  Extractor  
  67  9:27  Drone  
  67  9:49  Drone  
  67  9:50  Drone  
  67  9:52  Drone  
  70  10:06  Overlord, Roach  
  70  10:07  Overseer, Pneumatized Carapace  
  72  10:11  Roach  
  74  10:14  Hydralisk  
  74  10:19  Roach  
  78  10:24  Roach  
  78  10:25  Overlord  
  78  10:28  Roach  
  82  10:29  Zerg Melee Weapons Level 2  
  82  10:31  Hydralisk  
  82  10:36  Hydralisk  
  82  10:41  Roach  
  86  10:44  Overlord  
  86  10:45  Roach  
  86  10:49  Zerg Ground Armor Level 2, Roach  
  90  10:54  Roach  
  92  10:58  Roach  
  92  11:02  Overlord, Hydralisk  
  96  11:06  Hydralisk  
  96  11:10  Hydralisk  
  100  11:12  Glial Reconstitution  
  100  11:15  Infestor  
  101  11:26  Pathogen Glands  
  101  11:29  Hatchery  
  100  11:36  Zerg Flyer Weapons Level 1  
  100  12:09  Hive  
  100  12:42  Drone, Queen  
  100  12:43  Drone  
  104  12:44  Zerg Missile Weapons Level 2  
  104  12:45  Drone  
  104  12:46  Drone  
  104  12:48  Drone  
  104  12:49  Overlord, Drone  
  104  12:50  Drone  
  109  12:52  Drone  
  109  12:53  Extractor, Drone  
  109  12:55  Spore Crawler, Drone  
  109  12:56  Drone  
  109  12:58  Drone  
  112  12:59  Drone  
  112  13:01  Drone  
  112  13:02  Spore Crawler, Drone  
  112  13:04  Drone  
  112  13:05  Extractor, Drone  
  115  13:07  Drone  
  115  13:08  Overlord, Drone  
  115  13:10  Drone  
  115  13:11  Drone  
  119  13:25  Zergling x2, Spine Crawler, Viper, Ultralisk Cavern  
  119  13:26  Overlord, Zergling x8  
  125  13:27  Mutalisk x2, Zergling x2  
  125  13:28  Spine Crawler  
  125  13:31  Zerg Flyer Armor Level 1  
  125  13:33  Mutalisk  
  131  13:39  Mutalisk  
  133  13:42  Zergling x2  
  133  13:43  Baneling x3, Zergling x2  
  133  13:44  Baneling, Overlord, Drone  
  133  13:46  Mutalisk, Drone  
  133  13:47  Baneling, Drone  
  133  13:48  Baneling, Zergling x2  
  141  13:51  Mutalisk  
  143  13:56  Baneling x2, Zergling x2  
  143  13:57  Zergling x2  
  143  13:58  Zergling x4  
  143  14:00  Zergling x2  
  143  14:01  Mutalisk  
  113  14:12  Overseer  
  113  14:14  Mutalisk  
  111  14:20  Mutalisk  
  107  14:24  Overseer  
  107  14:30  Mutalisk  
  107  14:31  Overlord  
  109  14:36  Mutalisk  
  111  14:44  Viper  
  114  14:49  Centrifical Hooks  
  114  15:01  Adrenal Glands  
  114  15:14  Zerg Melee Weapons Level 3  
  114  15:37  Zerg Ground Armor Level 3  
  114  15:50  Hatchery  
  113  16:13  Zerg Flyer Weapons Level 2  
  113  16:46  Overlord, Roach  
  115  16:50  Hydralisk  
  117  16:56  Infestor  
  121  17:01  Roach  
  121  17:06  Roach  
  116  17:09  Unknown  
  116  17:11  Roach  
  118  17:16  Hydralisk  
  118  17:18  Overlord, Extractor  
  118  17:21  Spore Crawler, Hydralisk  
  118  17:22  Spore Crawler  
  119  17:25  Extractor  
  119  17:26  Infestor, Overseer  
  120  17:31  Ultralisk  
  120  17:36  Overlord, Roach  
  128  17:41  Roach  
  130  17:47  Roach  
  130  17:50  Spine Crawler  
  131  17:52  Roach  
  131  17:54  Overlord, Spine Crawler  
  131  17:57  Roach  
  131  17:58  Spine Crawler, Overseer  
  133  18:01  Hydralisk  
  135  18:06  Hydralisk  
  135  18:11  Hydralisk  
  139  18:14  Overlord  
  139  18:16  Infestor  
  139  18:17  Overseer  
  141  18:21  Infestor  
  141  18:24  Overlord, Overseer  
  143  18:37  Neural Parasite  
  143  18:42  Overlord, Ultralisk  
  149  18:50  Zerg Missile Weapons Level 3  
  149  18:58  Chitinous Plating  
  149  19:00  Overlord  
  149  19:01  Drone, Queen, Ultralisk  
  149  19:02  Drone  
  159  19:04  Drone  
  159  19:07  Tunneling Claws  
  159  19:18  Overlord  
  159  19:19  Drone  
  159  19:20  Drone  
  159  19:21  Drone  
  159  19:23  Drone, Zerg Flyer Weapons Level 3  
  163  19:24  Drone  
  164  19:37  Overlord  
  164  19:57  Overlord  
  164  20:08  Hatchery  
  163  20:25  Unknown x2  
  163  20:30  Unknown  
  163  20:34  Queen  
  159  20:36  Overlord, Hydralisk  
  159  20:38  Overseer  
  159  20:42  Zergling x2  
  140  20:44  Spine Crawler  
  140  20:47  Spine Crawler, Overseer, Ultralisk  
  96  20:52  Ultralisk  
  82  20:57  Roach  
  82  21:01  Spore Crawler  
  82  21:02  Roach  
  84  21:05  Spore Crawler  
  84  21:07  Overseer, Drone  
  84  21:08  Overseer  
  84  21:09  Drone, Roach  
  84  21:10  Drone  
  77  21:12  Drone  
  77  21:13  Drone  
  77  21:15  Drone, Roach  
  77  21:16  Drone  
  77  21:18  Drone  
  74  21:19  Drone  
  74  21:21  Drone  
  74  21:22  Drone, Roach  
  74  21:24  Drone  
  81  21:25  Drone  
  81  21:27  Drone  
  81  21:28  Hydralisk  
  81  21:29  Drone  
  81  21:30  Drone  
  81  21:32  Hatchery, Drone  
  83  21:33  Drone  
  83  21:34  Infestor  
  83  21:35  Drone  
  83  21:36  Drone  
  83  21:38  Drone  
  83  21:39  Drone  
  86  21:41  Drone, Ultralisk  
  86  21:42  Drone  
  86  21:44  Drone  
  86  21:45  Drone  
  97  21:47  Hydralisk, Drone  
  97  21:48  Drone  
  97  21:50  Drone  
  97  21:51  Drone  
  97  21:53  Drone  
  102  21:54  Zergling x2  
  102  21:59  Drone  
  102  22:01  Ultralisk  
  109  22:03  Overlord  
  109  22:06  Hydralisk  
  109  22:07  Drone  
  111  22:14  Overseer, Ultralisk  
  96  22:17  Overseer  
  96  22:21  Ultralisk  
  97  22:26  Hydralisk  
  98  22:33  Hydralisk  
  100  22:37  Hatchery  
  100  22:40  Zergling x2  
  100  22:41  Drone  
  101  22:46  Overseer, Ultralisk  
  90  22:52  Hydralisk  
  90  22:55  Overlord  
  91  23:02  Overlord  
  91  23:03  Overseer  
  85  23:13  Zergling x2  
  70  23:24  Hydralisk  
  70  23:27  Extractor  
  61  23:35  Zergling x2  
  61  23:38  Hatchery  
  61  23:40  Drone  
  58  23:41  Ultralisk  
  45  23:59  Drone  
  45  24:00  Hydralisk  
  45  24:01  Drone  
  45  24:02  Drone  
  41  24:03  Extractor  
  41  24:04  Drone  
  41  24:05  Drone, Zergling x2  
  41  24:06  Drone  
  41  24:07  Drone  
  41  24:08  Drone x2  
  35  24:12  Zergling x2  
  35  24:16  Roach  
  38  24:18  Extractor  
  38  24:20  Drone  
  30  24:26  Drone  
  30  24:28  Drone  
  27  24:31  Drone  
  27  24:38  Drone  
  23  25:21  Drone x3  
  17  25:38  Drone  
  5  26:04  Drone  
  5  26:23  Drone  
Tags
 
Add a new tag
Caveats
  • Supply blocks, unpowered buildings, or Contaminate may cause inaccurate times.
  • Supply counts are checked every 10 seconds.